 Dungeon Crawl Stone Soup version 0.30-a0-879-ga8ba668304 (webtiles) character file.

Game seed: 17056069894877401120

74 112233 the Sneak (level 4, -2/27 HPs)
             Began as an Octopode Fire Elementalist on Mar 13, 2023.
             Slain by Natasha (7 damage)
             ... on level 2 of the Dungeon.
             The game lasted 00:02:17 (2379 turns).

112233 the Sneak (Octopode Fire Elementalist)       Turns: 2379, Time: 00:02:18

Health: -2/27      AC:  1    Str:  7    XL:     4   Next: 28%
Magic:  4/7        EV: 13    Int: 19    God:
Gold:   111        SH:  0    Dex: 12    Spells: 5/8 levels left

rFire   . . .      SeeInvis .    g - +0 dagger
rCold   . . .      Faith    .    (no shield)
rNeg    . . .      Spirit   .    (helmet restricted)
rPois   .          Reflect  .    c - amulet of regeneration
rElec   .          Rampage  .    (no ring)
rCorr   .                        (no ring)
Will    .....                    (no ring)
Stlth   +++                      (no ring)
HPRegen 1.04/turn                (no ring)
MPRegen 0.10/turn                (no ring)
                                 (no ring)
                                 (no ring)

@: very slightly contaminated, hasted and slowed
A: almost no armour, amphibious, 8 rings, camouflage 1, gelatinous body 1,
(nimble swimmer 1), tentacles
a: no special abilities


You were on level 2 of the Dungeon.
You visited 1 branch of the dungeon, and saw 2 of its levels.

You collected 111 gold pieces.

Inventory:

Hand Weapons
 g - a +0 dagger (weapon)
Missiles
 j - a throwing net
Jewellery
 c - an amulet of regeneration (around mantle)
Scrolls
 e - 5 scrolls of identify
 h - a scroll of teleportation {unknown}
Potions
 d - a potion of lignification {unknown}
 f - 4 potions of might
 i - a potion of ambrosia {unknown}
 k - a potion of heal wounds {unknown}


   Skills:
 + Level 2.6 Dodging
 + Level 3.7 Stealth
 + Level 2.5 Spellcasting
 + Level 1.9 Conjurations
 + Level 3.4 Fire Magic


You had 5 spell levels left.
You knew the following spells:

 Your Spells              Type           Power      Damage    Failure   Level
a - Foxfire               Conj/Fire      48%        2x1d6     5%          1
b - Scorch                Fire           30%        2d7       6%          2

Your spell library contained the following spells:

 Spells                   Type           Power      Damage    Failure   Level
 Inner Flame              Hex/Fire       8%         N/A       24%         3
 Kindle Blastsparks       Fire/Tloc/Air  12%        2d11      30%         3
 Flame Wave               Conj/Fire      12%        2d6       47%         4


Dungeon Overview and Level Annotations

Branches:
Dungeon (2/15)

Altars:

Shops:
D:1 !

Annotations:
D:2 Natasha


Innate Abilities, Weirdness & Mutations

You cannot wear most types of armour.
You are amphibious.
You can wear up to eight rings at the same time.
Your skin changes colour to match your surroundings (Stealth+).
Your rubbery body absorbs attacks. (AC +1, EV +1)
((You are camouflaged when in or above water. (Stealth+)))
You have tentacles for arms and can constrict up to eight enemies at once.


Message History

Casting: Scorch (safe; 6% risk of failure)
Confirm with . or Enter, or press ? or * to list all spells.
Flames lash Natasha.
Natasha is burned terribly!
Natasha is heavily wounded.
Natasha claws you! Natasha claws you but does no damage.
Unknown command.
Casting: Scorch (safe; 6% risk of failure)
Confirm with . or Enter, or press ? or * to list all spells.
You don't have enough magic to cast this spell.
Unknown command.
Casting: Scorch (safe; 6% risk of failure)
Confirm with . or Enter, or press ? or * to list all spells.
You conjure some foxfire!
Natasha closely misses you.
The foxfire hits Natasha but does no damage.
Natasha is heavily wounded.
The foxfire hits Natasha.
Natasha is heavily wounded.
Natasha casts a spell at you. The magic dart hits you!
* * * LOW HITPOINT WARNING * * *
It was a potion of haste.
You feel yourself speed up. Natasha claws you but does no damage.
Magic courses through your body.
Casting: Foxfire (safe; 5% risk of failure)
Confirm with . or Enter, or press ? or * to list all spells.
Flames lash Natasha.
Natasha is burned terribly!
Natasha is almost dead.
Natasha casts a spell at you.
You feel yourself slow down. Natasha claws you!
* * * LOW HITPOINT WARNING * * *
Unknown command.
Unknown command.
Casting: Scorch (safe; 6% risk of failure)
Confirm with . or Enter, or press ? or * to list all spells.
Flames lash Natasha but do no damage.
Natasha claws you.
* * * LOW HITPOINT WARNING * * *
Natasha claws you!
You die...

'.....##.....
#.........' ####..#
...... #.........# #
.... #.<.......# ###
... #.........# ..# ..
#.......... #.#
###'#### #...<......
#.# #......#
#.......... #.#
#....h.# ##+##'####.
#.# #....@.# #.##.#....
#.# #......# #....#.###
#.# #......# ######.#
#'### #......# #.#
....########......#
##'###
....#......'......#
#.....
.........###......#####
#..... #........#
#..........# #.....
.........# #####......#
#.....


You could see Natasha (combustible).

Vanquished Creatures
  Natasha (D:2)
  A gnoll (D:1)
  An adder (D:2)
  A ball python (D:2)
  2 bats
  2 giant cockroaches (D:1)
  A goblin (D:1)
  3 hobgoblins
  8 jackals (D:1)
  A quokka (D:1)
  A frilled lizard (D:1)
  2 kobolds
  4 rats (D:1)
28 creatures vanquished.

Vanquished Creatures (others)
  104 foxfires
104 creatures vanquished.

Grand Total: 132 creatures vanquished

Notes
Turn   | Place    | Note
-------+----------+-------------------------------------------
     0 | D:1      | 112233 the Octopode Fire Elementalist began the quest for
                  | the Orb.
     0 | D:1      | Reached XP level 1. HP: 11/11 MP: 3/3
   283 | D:1      | Reached XP level 2. HP: 17/17 MP: 0/5
   830 | D:1      | Reached XP level 3. HP: 17/21 MP: 1/6
  1016 | D:1      | Learned a level 2 spell: Scorch
  1234 | D:1      | Found Tasenlir's Distillery.
  1477 | D:2      | Noticed Natasha
  1484 | D:2      | Killed Natasha
  1485 | D:2      | Reached XP level 4. HP: 19/27 MP: 0/7
  2365 | D:2      | Noticed Natasha
  2379 | D:2      | Slain by Natasha

Illustrated notes

Levels and vault maps discovered:
D:1:      dpeg_arrival_pits, layout_basic, serial_shops,
          nicolae_shop_waterfront, hangedman_decor_opposing, minmay_misc_feat_x
D:2:      layout_basic, kennysheep_big_empty_room, uniq_natasha

Skill      XL: |  1  2 |
---------------+-------+-----
Stealth        | 3 |  3.7
Dodging        | |  2.6
Spellcasting   | |  2.5
Conjurations   | |  1.9
Fire Magic     | |  3.4

Action                     |  1- 3 |  4- 6 || total
---------------------------+-------+-------++-------
  Melee: Dagger            |     5 |       ||     5
         Tentacles         |     2 |       ||     2
         Constrict         |     1 |       ||     1
   Cast: Foxfire           |    49 |    13 ||    62
         Scorch            |     4 |     4 ||     8
    Use: Scroll            |     3 |       ||     3
         Potion            |       |     2 ||     2
 Armour: Skin              |     3 |     2 ||     5
  Dodge: Dodged            |    44 |     2 ||    46

Table legend: (Time is in decaauts)
 A = Elapsed time spent in this place.
 B = Non-inter-level travel time spent in this place.
 C = Inter-level travel time spent in this place.
 D = Time resting spent in this place.
 E = Time spent auto-exploring this place.
 F = Levels seen in this place.
 G = Mean time per level.
                   A        B        C        D        E       F      G
               +--------+--------+--------+--------+--------+-----+--------+
         Total |   2389 |   2326 |     63 |    293 |   1767 |   2 | 1194.5 |
       Dungeon |   2389 |   2326 |     63 |    293 |   1767 |   2 | 1194.5 |
               +--------+--------+--------+--------+--------+-----+--------+

Top non-repeatable levels by time:
     D:2: 1277 daAuts
     D:1: 1111 daAuts
